 Dungeon Crawl Stone Soup version 0.30-a0-341-g682706514a (webtiles) character file.

Game seed: 16932770399155698399

13119 Ijustatesigmund the Fiendish (level 11, -5/81 HPs)
             Began as a Demonspawn Conjurer on Nov 5, 2022.
             Was a Priest of Makhleb.
             Slain by an orc knight
             ... wielding a +0 long sword
              (14 damage)
             ... on level 10 of the Dungeon.
             The game lasted 00:40:51 (15356 turns).

Ijustatesigmund the Fiendish (Demonspawn Conjurer) Turns: 15356, Time: 00:40:52

Health: -5/81      AC: 12    Str: 14    XL:     11   Next: 71%
Magic:  22/23      EV: 11    Int: 23    God:    Makhleb [***...]
Gold:   1331       SH:  4    Dex: 12    Spells: 9/27 levels left

rFire   . . .      SeeInvis .    d - +3 mace (protect)
rCold   . . .      Faith    .    u - +0 buckler
rNeg    . . .      Spirit   .    a - +0 steam dragon scales
rPois   .          Reflect  .    (helmet unavailable)
rElec   .          Harm     .    (no cloak)
rCorr   .          Rampage  .    q - +0 pair of gloves
Will    .....                    (no boots)
Stlth   ++........               L - amulet of the acrobat
HPRegen 0.33/turn                k - +4 ring of protection
MPRegen 0.18/turn                H - +6 ring of strength

@: attractive
A: horns 3, molten scales 1, foul stench 2, powered by death 2
a: Renounce Religion, Minor Destruction, Lesser Servant of Makhleb


You were on level 10 of the Dungeon.
You worshipped Makhleb.
Makhleb was most pleased with you.
You visited 3 branches of the dungeon, and saw 14 of its levels.
You also visited: Bailey.

You collected 1331 gold pieces.

Inventory:

Hand Weapons
 d - a +3 mace of protection (weapon)
 D - a +3 spectral quarterstaff
Missiles
 j - 5 silver javelins (quivered)
 r - 2 throwing nets
Armour
 a - +0 steam dragon scales (worn)
 q - a +0 pair of gloves (worn)
 u - a +0 buckler (worn)
Magical Staves
 c - a staff of earth
Jewellery
 h - a ring of see invisible
 k - a +4 ring of protection (left hand)
 B - the ring "Refadaecw" {Fly rElec MP+9 Str-5 Int+6}
   (You found it in a bailey)

   [ring of intelligence]

   Str:       It affects your strength (-5).
   Int:       It affects your intelligence (+6).
   rElec:     It insulates you from electricity.
   MP:        It affects your magic capacity (+9).
   Fly:       It grants you flight.
 H - a +6 ring of strength (right hand)
 L - an amulet of the acrobat (around neck)
Wands
 s - a wand of polymorph (6)
 v - a wand of mindburst (1)
 y - a wand of flame (3)
 C - a wand of iceblast (5)
Scrolls
 i - a scroll of magic mapping
 l - 2 scrolls of fear
 n - a scroll of fog
 w - 2 scrolls of teleportation
 x - 2 scrolls of brand weapon
 E - a scroll of summoning
 F - a scroll of enchant armour {unknown}
 I - 4 scrolls of immolation
 J - 3 scrolls of identify
 K - a scroll of amnesia
Potions
 b - 2 potions of magic
 e - a potion of curing
 f - a potion of cancellation
 g - 3 potions of haste
 m - 2 potions of berserk rage
 o - a potion of flight
 p - 2 potions of lignification
 t - 2 potions of might
 z - 3 potions of ambrosia
 A - 3 potions of mutation
 G - a potion of attraction


   Skills:
 - Level 5.7 Fighting
 - Level 3.3 Maces & Flails
 - Level 1.7 Dodging
 - Level 1.7 Stealth
 - Level 3.5 Shields
 - Level 8.6 Spellcasting
 - Level 9.5 Conjurations
 + Level 4.2 Fire Magic
 - Level 3.3 Air Magic
 - Level 3.3 Earth Magic
 - Level 3.5 Poison Magic
 + Level 9.9 Invocations
 - Level 3.2 Evocations


You had 9 spell levels left.
You knew the following spells:

 Your Spells              Type           Power      Damage    Failure   Level
a - Magic Dart            Conj           100%       1d8       1%          1
b - Searing Ray           Conj           100%       2d8       1%          2
c - Foxfire               Conj/Fire      100%       2x1d9     1%          1
d - Mephitic Cloud        Conj/Pois/Air  35%        N/A       2%          3
e - Fireball              Conj/Fire      20%        3d10      14%         5
f - Starburst             Conj/Fire      20%        6d7       61%         6

Your spell library contained the following spells:

 Spells                   Type           Power      Damage    Failure   Level
 Dazzling Flash           Conj/Hex       62%        N/A       3%          3
 Fulminant Prism          Conj/Hex       15%        3d11      12%         4
 Iskenderun's Mystic Bla  Conj/Tloc      31%        2d8       12%         4
 Call Imp                 Summ           9%         N/A       13%         2
 Frozen Ramparts          Ice            18%        1d3       26%         3
 Ice Form                 Ice/Tmut       9%         N/A       65%         4
 Summon Ice Beast         Ice/Summ       9%         N/A       65%         4


Dungeon Overview and Level Annotations

Branches:
Dungeon (11/15)            Temple (1/1) D:4            Lair (2/5) D:10
 Bailey (visited)
  Swamp: Lair:2-3    Shoals: Lair:2-3     Snake: Lair:2-3    Spider: Lair:2-3
    Orc: D:9-12

Altars:
Ashenzari
Cheibriados
Dithmenos
Fedhas
Gozag
Hepliaklqana
Kikubaaqudgha
Makhleb
Nemelex Xobeh
Okawaru
Qazlal
Ru
Sif Muna
Trog
Uskayaw
Vehumet
Wu Jian
Xom
Yredelemnul

Annotations:
D:6 3 runed translucent doors, Leocordis's ghost, novice DEFE
D:9 2 transporters, exclusion: oklob plant, Baz's ghost, novice AtCK


Innate Abilities, Weirdness & Mutations

You have a pair of large horns on your head.
You are partially covered in molten scales. (AC +2)
You sometimes emit foul miasma when damaged in melee.
You regenerate health from kills.


Message History

There is a stone staircase leading down here.
Casting: Searing Ray (safe; 1% risk of failure)
Confirm with . or Enter, or press ? or * to list all spells.
You conjure some foxfire!
The kobold demonologist looks satisfied for a moment.
The orc knight hits you with a +0 long sword!
The foxfire hits the orc knight but does no damage. x2
The orc knight hits you with a +0 long sword.
The kobold demonologist closely misses you.
Casting: Foxfire (safe; 1% risk of failure)
Confirm with . or Enter, or press ? or * to list all spells.
You conjure some foxfire!
The kobold demonologist gestures wildly while chanting.
You block the orc knight's attack.
The foxfire hits the kobold demonologist!
The kobold demonologist is moderately wounded.
The foxfire hits the orc knight but does no damage.
You block the kobold demonologist's attack.
The orc knight hits you with a +0 long sword!
The sun demon misses you.
Unknown command.
Unknown command.
A demon appears!
You block the sun demon's attack.
The orc knight hits you with a +0 long sword.
The kobold demonologist hits you but does no damage.
You closely miss the kobold demonologist.
The kobold demonologist is moderately wounded.
The sun demon hits you!
You are engulfed in flames!
* * * LOW HITPOINT WARNING * * *
The kobold demonologist mumbles some strange words.
The orc knight hits you with a +0 long sword.
* * * LOW HITPOINT WARNING * * *
Your neqoxec closely misses the kobold demonologist.
The sun demon hits you but does no damage.
Okay, then.
It was a potion of attraction.
You feel attractive to monsters.
You block the kobold demonologist's attack.
The orc knight hits you with a +0 long sword!
You die...

......#.......#.#.....###.###....
......#.......#.#....###...#.....
......####....#..#...............
.........######..........###....#
.................................
......................)......####
.......................#...#.....
...............3o.....###.##.....
................@43..............
.................K.....[........#
..........####+#####....#####...#
...########........#....#...#.###
...#.............................
...)..................8####8.....
...#...............)..'....'.....
...#..................8#..#8...##
...#................####''####...


You could see an orc knight, a sun demon (summoned), an orange demon (summoned),
a kobold demonologist (ally target) and a friendly neqoxec (summoned).

Vanquished Creatures
  2 two-headed ogres
  A cyclops (D:8)
  Maggie (D:7)
  A kobold demonologist (D:11)
  A rime drake (D:10)
  An efreet (D:10)
  A komodo dragon (D:11)
  A polar bear (Lair:2)
  The ghost of twist the Insei, an amateur OpCA of Ignis (D:4)
  A hornet (D:10)
  Prince Ribbit (D:7)
  2 wyverns
  25 yaks
  Grum (D:9)
  4 water moccasins
  7 ice beasts
  8 orc warriors
  2 sky beasts
  2 ogres
  5 wolves
  3 phantoms
  2 kobold brigands
  2 bullfrogs
  2 necrophages
  A scorpion (D:5)
  2 gnoll sergeants
  8 killer bees
  3 howler monkeys (D:9)
  3 jellies
  A hound (D:3)
  2 gnoll boudas
  7 orc priests
  3 iguanas (D:5)
  10 orc wizards
  19 gnolls
  10 adders
  A shadow imp (D:5)
  2 white imps
  3 ufetubi
  2 worms
  41 orcs
  7 bats
  6 endoplasms
  4 giant cockroaches
  20 goblins
  11 hobgoblins
  8 jackals
  19 kobolds
  5 quokkas
  3 ball pythons
  4 frilled lizards
  4 rats
286 creatures vanquished.

Vanquished Creatures (collateral kills)
  A death drake (Lair:1)
  A ball python (D:2)
  A goblin (D:2)
  A bat (D:2)
  A foxfire (Lair:2)
5 creatures vanquished.

Vanquished Creatures (others)
  125 foxfires
  2 fungi (Lair:1)
  3 plants (Lair:1)
130 creatures vanquished.

Grand Total: 421 creatures vanquished

Notes
Turn   | Place    | Note
-------+----------+-------------------------------------------
     0 | D:1      | Ijustatesigmund the Demonspawn Conjurer began the quest for
                  | the Orb.
     0 | D:1      | Reached XP level 1. HP: 13/13 MP: 3/3
   456 | D:1      | Gained mutation: You may rarely emit foul miasma when
                  | damaged in melee. [demonic ancestry]
   456 | D:1      | Reached XP level 2. HP: 19/19 MP: 1/5
   745 | D:1      | Learned a level 2 spell: Searing Ray
  1131 | D:1      | Gained mutation: You regenerate a little health from kills.
                  | [demonic ancestry]
  1131 | D:1      | Reached XP level 3. HP: 24/24 MP: 4/7
  1450 | D:2      | Found a faded altar of an unknown god.
  1821 | D:2      | Gained mutation: You have a pair of small horns on your
                  | head. [demonic ancestry]
  1821 | D:2      | Reached XP level 4. HP: 30/30 MP: 3/8
  1949 | D:2      | Reached skill level 5 in Conjurations
  2178 | D:2      | Found a hide-covered altar of Uskayaw.
  2632 | D:3      | Reached XP level 5. HP: 35/35 MP: 7/10
  2922 | D:3      | Found an iron altar of Okawaru.
  3061 | D:4      | Noticed a sky beast
  3063 | D:4      | Found a staircase to the Ecumenical Temple.
  3115 | D:4      | Reached skill level 1 in Fighting
  3195 | D:4      | Found a runed translucent door.
  3342 | D:4      | Found a bloodstained altar of Trog.
  3595 | D:4      | Found a hazy altar of Hepliaklqana.
  3595 | D:4      | Noticed an ogre
  3604 | D:4      | Killed an ogre
  3605 | D:4      | Gained mutation: You regenerate health from kills. [demonic
                  | ancestry]
  3605 | D:4      | Reached XP level 6. HP: 44/44 MP: 5/12
  3760 | D:4      | Found a shadowy altar of Dithmenos.
  3760 | D:4      | Noticed a shadow
  4053 | D:4      | Noticed twist's ghost (amateur OpCA)
  4062 | D:5      | Entered Level 5 of the Dungeon
  4729 | D:5      | Gained mutation: You have a pair of horns on your head.
                  | [demonic ancestry]
  4729 | D:5      | Reached XP level 7. HP: 51/51 MP: 10/14
  5070 | D:5      | Reached skill level 5 in Spellcasting
  5632 | D:5      | Reached skill level 1 in Maces & Flails
  5935 | D:6      | Gained mutation: You sometimes emit foul miasma when
                  | damaged in melee. [demonic ancestry]
  5935 | D:6      | Reached XP level 8. HP: 58/58 MP: 8/16
  7005 | D:6      | Found a runed translucent gate.
  7005 | D:6      | Found a runed translucent gate.
  7005 | D:6      | Found a runed translucent gate.
  7014 | D:6      | Noticed Leocordis's ghost (novice DEFE)
  7015 | D:6      | Identified the +3 chain mail of Courage {rCorr Int+3
                  | Slay-4}
  7894 | D:7      | Reached XP level 9. HP: 57/64 MP: 9/19
  8102 | D:7      | Noticed Prince Ribbit
  8111 | D:7      | Killed Prince Ribbit
  8322 | D:7      | Noticed a two-headed ogre
  8335 | D:7      | Killed a two-headed ogre
  8563 | D:4      | Killed twist's ghost
  8766 | Temple   | Entered the Ecumenical Temple
  8973 | Temple   | Became a worshipper of Makhleb the Destroyer
  9102 | D:7      | Noticed Maggie
  9114 | D:7      | Killed Maggie
  9115 | D:7      | Reached skill level 1 in Invocations
  9284 | D:7      | Gained mutation: You are partially covered in molten
                  | scales. (AC +2) [demonic ancestry]
  9284 | D:7      | Reached XP level 10. HP: 36/70 MP: 10/22
  9394 | D:7      | Learned a level 1 spell: Foxfire
  9732 | D:8      | Found a flagged portal.
  9774 | D:8      | Reached skill level 1 in Fire Magic
  9824 | D:8      | Noticed a cyclops
  9842 | D:8      | Reached * piety under Makhleb
  9845 | D:8      | Killed a cyclops
  9882 | Bailey   | Entered a bailey
  9887 | Bailey   | Learned a level 3 spell: Mephitic Cloud
  9908 | Bailey   | Noticed an orc warlord
 10327 | Bailey   | Found a runed translucent gate.
 10328 | Bailey   | Found a runed translucent gate.
 10329 | Bailey   | Found a runed translucent gate.
 10491 | Bailey   | Identified the ring "Refadaecw" {Fly rElec MP+9 Str-5
                  | Int+6}
 10516 | D:8      | Acquired 804 gold pieces
 10891 | D:7      | Reached skill level 1 in Earth Magic
 10891 | D:7      | Reached skill level 1 in Poison Magic
 11417 | D:8      | Reached ** piety under Makhleb
 11424 | D:8      | Reached skill level 5 in Invocations
 11635 | D:8      | Found an ornate altar of the Wu Jian Council.
 11942 | D:9      | Noticed Grum
 11952 | D:9      | Killed Grum
 12044 | D:9      | Noticed an oklob plant
 12052 | D:9      | Noticed Baz's ghost (novice AtCK)
 12058 | D:9      | Found a transporter.
 12061 | D:9      | Noticed a two-headed ogre
 12120 | D:9      | Reached skill level 5 in Fighting
 12256 | D:9      | Found a transporter.
 12257 | D:9      | Noticed a deep elf pyromancer
 12257 | D:9      | Identified the ring of Discretion {rElec rN+ rCorr Dex+5}
 12575 | D:9      | Gained mutation: You have a pair of large horns on your
                  | head. [demonic ancestry]
 12575 | D:9      | Reached XP level 11. HP: 80/80 MP: 15/23
 12577 | D:9      | Reached skill level 1 in Air Magic
 12776 | D:10     | Entered Level 10 of the Dungeon
 12857 | D:10     | Reached *** piety under Makhleb
 12996 | D:10     | Learned a level 5 spell: Fireball
 13041 | D:10     | Found a staircase to the Lair.
 13057 | Lair:1   | Entered Level 1 of the Lair of Beasts
 13268 | Lair:1   | a cane toad changed into a death drake
 13268 | Lair:1   | Noticed a death drake
 13276 | Lair:1   | Killed a death drake
 13854 | Lair:1   | Learned a level 6 spell: Starburst
 14070 | D:10     | Noticed a two-headed ogre
 14079 | D:10     | Killed a two-headed ogre
 14848 | D:10     | Found a large runed translucent door.
 14849 | D:10     | Found a large runed translucent door.
 15112 | D:10     | Found an ancient bone altar of Kikubaaqudgha.
 15136 | D:10     | Found a sacrificial altar of Ru.
 15243 | D:11     | Noticed an orc knight
 15353 | D:10     | Noticed a sun demon
 15356 | D:10     | Slain by an orc knight

Illustrated notes

Levels and vault maps discovered:
D:1:      wander_arrival_peaceful_grave, layout_loops_ring
D:2:      layout_rooms, hellmonk_ecumenical_altar_lost_god, basic_altar,
          hex_medium
D:3:      layout_rooms, okawaru_altar_gauntlet_db,
          hangedman_abyss_or_decor_stabs
D:4:      layout_rooms, riverfiend_overflow_shadow_ancestor, trog_antimagical,
          minmay_temple_entry_from_below_a, ebering_ghost_reflecting_pool,
          minmay_misc_feat_rugged
D:5:      layout_rooms, serial_park_tiny_1
D:6:      layout_loops_ring, biasface_ghost_orc_armoury,
          minmay_misc_feat_secret_circle
D:7:      layout_basic, uniq_maggie, uniq_prince_ribbit1
D:8:      layout_loops_ring, nicolae_wu_jian_immortal_techniques,
          enter_bailey_5, minmay_sticks_and_stones
D:9:      layout_roguey, nzn_ghost_randoct, minmay_misc_feat_four_crosses,
          uniq_grum
D:10:     layout_irregular_city, jmf_multi_god_temple2, hellmonk_lair_entry_icy
D:11:     cheibrodos_fzero, layout_loops_cross, minmay_orc_entry_guard_dogs,
          nicolae_diode_stairs, uniq_erolcha
Temple:   nicolae_temple_bog_church
Lair:1:   layout_small_grid, uniq_erica
Lair:2:   layout_hall_layers, spider_nest_entry_a, st_stairs_10,
          lemuel_fruit_tree

Skill      XL: |  1  2  3  4  5  6  7  8  9 10 11 |
---------------+----------------------------------+-----
Spellcasting   | 3 4 5 6 8 |  8.6
Conjurations   | 5 6 7 8 9 |  9.5
Fighting       | 2 3 5 |  5.7
Maces & Flails | 2 3 |  3.3
Shields        | 2 3 |  3.5
Evocations     | 3 |  3.2
Invocations    | 1 6 9 |  9.9
Fire Magic     | 2 4 |  4.2
Earth Magic    | 3 |  3.3
Poison Magic   | 3 |  3.5
Air Magic      | 3 |  3.3
Dodging        | |  1.7
Stealth        | |  1.7

Action                   |  1- 3 |  4- 6 |  7- 9 | 10-12 || total
-------------------------+-------+-------+-------+-------++-------
Melee: Unarmed           |     4 |       |       |       ||     4
       Mace              |     7 |     8 |    95 |   246 ||   356
       Headbutt          |       |       |    19 |    47 ||    66
Throw: Javelin           |       |       |     2 |       ||     2
 Cast: Magic Dart        |    75 |   119 |   100 |    70 ||   364
       Searing Ray       |       |     5 |    23 |    37 ||    65
       Mephitic Cloud    |       |       |       |    11 ||    11
       Foxfire           |       |       |       |    67 ||    67
Invok: Lesser Servant of |       |       |       |     2 ||     2
Evoke: Wand              |       |       |     5 |     4 ||     9
  Use: Scroll            |     1 |     5 |     7 |    12 ||    25
       Potion            |       |     1 |     1 |     4 ||     6
 Stab: Sleeping          |       |       |     1 |       ||     1
       Confused          |       |       |       |     5 ||     5
Armor: Robe              |     5 |     6 |    47 |       ||    58
       Steam dragon scal |       |       |       |   245 ||   245
Dodge: Dodged            |     9 |    15 |    75 |   242 ||   341
Block: Buckler           |       |       |    12 |    97 ||   109

Table legend: (Time is in decaauts)
 A = Elapsed time spent in this place.
 B = Non-inter-level travel time spent in this place.
 C = Inter-level travel time spent in this place.
 D = Time resting spent in this place.
 E = Time spent auto-exploring this place.
 F = Levels seen in this place.
 G = Mean time per level.
                   A        B        C        D        E       F      G
               +--------+--------+--------+--------+--------+-----+--------+
         Total |  15473 |  14947 |    526 |   6174 |   6566 |  15 | 1031.5 |
       Dungeon |  13795 |  13304 |    491 |   5281 |   6161 |  11 | 1254.1 |
        Temple |    226 |    197 |     29 |      0 |    182 |   1 |  226.0 |
          Lair |    827 |    821 |      6 |    551 |     80 |   2 |  413.5 |
        Bailey |    624 |    624 |      0 |    342 |    141 |   1 |  624.0 |
               +--------+--------+--------+--------+--------+-----+--------+

Top non-repeatable levels by time:
     D:7: 2351 daAuts
    D:10: 1707 daAuts
     D:5: 1701 daAuts
     D:6: 1700 daAuts
     D:1: 1443 daAuts
     D:4: 1162 daAuts
     D:9: 1100 daAuts
     D:2: 962 daAuts
     D:8: 946 daAuts
     D:3: 645 daAuts
  Bailey: 624 daAuts
  Lair:1: 561 daAuts
  Lair:2: 265 daAuts
  Temple: 226 daAuts
    D:11: 75 daAuts
